 Dungeon Crawl Stone Soup version 0.30-a0-528-g8c47a4955b (webtiles) character file.

Game seed: 4750870636590048769

423 kae the Conjurer (level 6, -6/32 HPs)
             Began as a Tengu Fire Elementalist on Dec 23, 2022.
             Mangled by Edmund
             ... wielding a +2 dire flail of protection
              (15 damage)
             ... on level 5 of the Dungeon.
             The game lasted 00:02:43 (5061 turns).

kae the Conjurer (Tengu Fire Elementalist)          Turns: 5061, Time: 00:02:43

Health: -6/32      AC:  2    Str:  8    XL:     6   Next: 95%
Magic:  3/12       EV: 14    Int: 17    God:
Gold:   180        SH:  0    Dex: 15    Spells: 8/11 levels left

rFire   . . .      SeeInvis .    e - +1 whip (vamp)
rCold   . . .      Faith    .    (no shield)
rNeg    . . .      Spirit   .    a - +0 robe
rPois   .          Reflect  .    (helmet restricted)
rElec   .          Harm     .    (no cloak)
rCorr   .          Rampage  .    (no gloves)
Will    .....                    (boots unavailable)
Stlth   ++                       (no amulet)
HPRegen 0.25/turn                (no ring)
MPRegen 0.13/turn                (no ring)

@: flying quickly and evasively, quick
A: beak, talons 3, nimble flight
a: no special abilities


You were on level 5 of the Dungeon.
You visited 1 branch of the dungeon, and saw 5 of its levels.

You collected 180 gold pieces.


Innate Abilities, Weirdness & Mutations

You have a beak for a mouth.
You have claws for feet.
Your magical nature lets you fly swiftly and evasively.


   Skills:
 - Level 2.1 Dodging
 - Level 2.0 Stealth
 + Level 3.3 Spellcasting
 * Level 5.8 Conjurations
 * Level 5.8 Fire Magic


You had 8 spell levels left.
You knew the following spells:

 Your Spells              Type           Power      Damage    Failure   Level
a - Foxfire               Conj/Fire      88%        2x1d8     1%          1
b - Scorch                Fire           44%        2d7       2%          2

Your spell library contained the following spells:

 Spells                   Type           Power      Damage    Failure   Level
 Inner Flame              Hex/Fire       12%        N/A       16%         3
 Stone Arrow              Conj/Erth      24%        3d8       16%         3
 Flame Wave               Conj/Fire      22%        2d8       16%         4
 Apportation              Tloc           4%         N/A       17%         1
 Necrotise                Necr           8%         1d4       17%         1
 Sandblast                Erth           4%         2d4       17%         1
 Summon Small Mammal      Summ           8%         N/A       17%         1
 Kindle Blastsparks       Fire/Tloc/Air  18%        2d11      22%         3
 Passwall                 Tmut/Erth      1%         N/A       26%         2
 Iskenderun's Battlesphe  Conj           22%        2d8       38%         5
 Ozocubu's Armour         Ice            2%         N/A       45%         3
 Vampiric Draining        Necr           2%         2d6       45%         3
 Agony                    Necr           2%         N/A       99%         5
 Iron Shot                Conj/Erth      6%         9d2       100%        6
 Ozocubu's Refrigeration  Ice            1%         4d7       100%        7
 Spellforged Servitor     Conj/Summ      6%         N/A       100%        7

Inventory:

Hand Weapons
 e - a +1 vampiric whip (weapon)
   (You found it on level 1 of the Dungeon)
Missiles
 i - 8 poisoned darts
 j - 22 stones
Armour
 a - a +0 robe (worn)
Magical Staves
 d - a staff of conjuration {!a}
   (You found it on level 1 of the Dungeon)
Jewellery
 A - an amulet of the acrobat
   (You found it on level 1 of the Dungeon)
 D - a +6 ring of dexterity
   (You found it on level 2 of the Dungeon)
Scrolls
 c - 2 scrolls of immolation {!r!r}
 k - 5 scrolls of teleportation {@r4}
 l - a scroll of identify {unknown}
 p - a scroll of summoning {unknown}
 q - a scroll of magic mapping {unknown}
Potions
 b - a potion of magic
 f - 2 potions of berserk rage {unknown}
 g - 3 potions of degeneration {unknown}
 h - a potion of invisibility {unknown}
 m - 2 potions of curing {unknown}
 n - 2 potions of haste {unknown}
 o - a potion of attraction {unknown}

Dungeon Overview and Level Annotations

Branches:
Dungeon (5/15) Zot: 25051
 Temple: D:4-7

Altars:
Okawaru

Annotations:
D:4 1 runed translucent door, exclusion: centaur, Crazy Yiuf, Natasha
D:5 Edmund

####. ...... .# ###.... .#
......# ..######..
......######+# ###.........
##....##...#.###.........##
......##...#.##...........###
................@...........
.......##.....#.@.........##
..<..####.....##...........#
.##.## #.....##.......# .
#..# ##.....#..###...# ...
#...##......##.####..#....
#............#.#...........
..##................##.....
... #...........#.#.##.....


You could see Edmund (combustible).


Message History

The necrophage barely misses you. 😎 MP[-2]
You lost 2 mp, and now have 5/11 mp.
The necrophage hits you but does no damage.
You fly upwards.
Level annotation: 1 runed translucent door, exclusion: centaur, Crazy Yiuf, Natasha
There is a stone staircase leading down here. 😎 MP[+1] Unknown command.
Casting: Scorch (safe; 2% risk of failure)
Confirm with . or Enter, or press ? or * to list all spells.
Flames lash the necrophage.
The necrophage is burned terribly!
The necrophage misses you. The necrophage misses you. 😎 MP[-2]
You lost 2 mp, and now have 4/11 mp.
Casting: Scorch (safe; 2% risk of failure)
Confirm with . or Enter, or press ? or * to list all spells.
Flames lash the necrophage.
The necrophage is burned terribly!
You destroy the necrophage! 😎 MP[-2]
You lost 2 mp, and now have 2/12 mp.
Casting: Scorch (safe; 2% risk of failure)
Confirm with . or Enter, or press ? or * to list all spells.
You can't see any susceptible monsters within range! (Use Z to cast anyway.) Unknown command.
There is a stone staircase leading up here.
There is a stone staircase leading down here.
You see here a +0 club. 😎 MP[+10]
Your mp is fully restored (12).
Could not explore, unopened runed door.
You can't go down here!
(D) Dungeon
Where to? (Enter - D:4 @ (x,y), ? - help)
You see here a +0 club.
There is a stone staircase leading down here.
You fly downwards.
Level annotation: Edmund
There is a stone staircase leading up here.
Found a stone staircase leading down.
An adder comes into view.
The adder moves out of view.
An adder is nearby!
An adder is nearby!
Casting: Scorch (safe; 2% risk of failure)
Confirm with . or Enter, or press ? or * to list all spells.
You conjure some foxfire!
The adder hisses angrily.
The foxfire hits the adder. 😎 MP[-1]
You lost 1 mp, and now have 11/12 mp.
Casting: Foxfire (safe; 1% risk of failure)
Confirm with . or Enter, or press ? or * to list all spells.
You conjure some foxfire!
The foxfire hits the adder.
The foxfire hits the adder. x2
You kill the adder! 😎 MP[-1]
You lost 1 mp, and now have 10/12 mp.
Edmund is nearby!
Edmund is nearby! 😎 MP[+1]
Casting: Foxfire (safe; 1% risk of failure)
Confirm with . or Enter, or press ? or * to list all spells.
You conjure some foxfire!
The foxfire hits Edmund. 😎 MP[-1]
You lost 1 mp, and now have 10/12 mp.
Casting: Foxfire (safe; 1% risk of failure)
Confirm with . or Enter, or press ? or * to list all spells.
You conjure some foxfire!
The foxfire hits Edmund but does no damage.
The foxfire hits Edmund but does no damage. x2
Casting: Foxfire (safe; 1% risk of failure)
Confirm with . or Enter, or press ? or * to list all spells.
Flames lash Edmund but do no damage. 😎 MP[-2]
You lost 2 mp, and now have 8/12 mp.
Casting: Scorch (safe; 2% risk of failure)
Confirm with . or Enter, or press ? or * to list all spells.
Flames lash Edmund.
Edmund's fire resistance burns away.
Edmund barely misses you. 😎 MP[-2]
You lost 2 mp, and now have 6/12 mp.
Casting: Scorch (safe; 2% risk of failure)
Confirm with . or Enter, or press ? or * to list all spells.
Flames lash Edmund.
Edmund is burned terribly!
Edmund barely misses you.
Edmund hits you with a +2 dire flail of protection. 😕 HP[-6] MP[-2]
You take 6 damage, and now have 26/32 hp.
You lost 2 mp, and now have 4/12 mp.
Unknown command.
Casting: Scorch (safe; 2% risk of failure)
Confirm with . or Enter, or press ? or * to list all spells.
Flames lash Edmund but do no damage.
Edmund hits you with a +2 dire flail of protection!
Ouch! That really hurt!
* * * LOW HITPOINT WARNING * * *
Edmund hits you with a +2 dire flail of protection!
You die...

Skill      XL: |  1  2  3  4  5  6 |
---------------+-------------------+-----
Conjurations   | 2 3 4 5 |  5.8
Fire Magic     | 4 5 |  5.8
Spellcasting   | 3 |  3.3
Dodging        | |  2.1
Stealth        | |  2.0

Action                   |  1- 3 |  4- 6 || total
-------------------------+-------+-------++-------
Melee: Unarmed           |     4 |       ||     4
       Kick              |     5 |     4 ||     9
       Peck              |     1 |     1 ||     2
       Whip              |    10 |    13 ||    23
       Punch             |       |     1 ||     1
 Cast: Foxfire           |    49 |    77 ||   126
       Scorch            |     9 |    34 ||    43
  Use: Scroll            |     3 |     5 ||     8
Armor: Robe              |    14 |    11 ||    25
Dodge: Dodged            |    41 |    34 ||    75

Levels and vault maps discovered:
D:1:      lightli_arrival_quake, layout_rooms, serial_park_tiny_2,
          minmay_misc_feat_cross, ebering_dispersal_statue_hall
D:2:      layout_loops_corners, serial_undead, serial_undead_a, serial_undead_a,
          serial_undead_f, serial_undead_f, serial_undead_a, serial_undead_a,
          kennysheep_generic_room_3
D:3:      wad_lake_hut, layout_basic
D:4:      layout_loops_ring, overflow_temple_1_default, uniq_crazy_yiuf_cottage,
          uniq_natasha
D:5:      layout_cave_pools, led_sif_book, kennysheep_generic_room_9,
          uniq_edmund

Notes
Turn   | Place    | Note
-------+----------+-------------------------------------------
     0 | D:1      | kae the Tengu Fire Elementalist began the quest for the
                  | Orb.
     0 | D:1      | Reached XP level 1. HP: 10/10 MP: 4/4
     0 | D:1      | magus.rc [v1.11.3]
     2 | D:1      | You add the spells Ozocubu's Armour and Ozocubu's
                  | Refrigeration to your library.
   101 | D:1      | Reached skill level 2 in Conjurations
   101 | D:1      | Reached XP level 2. HP: 15/15 MP: 0/6
   204 | D:1      | Learned a level 2 spell: Scorch
   285 | D:1      | You pick up a book of Geomancy and begin reading...
   285 | D:1      | You add the spells Sandblast, Passwall and Stone Arrow to
                  | your library.
   512 | D:1      | HP: 3/15 [dart slug/slug dart (3)]
   516 | D:1      | Reached XP level 3. HP: 5/19 MP: 2/7
   518 | D:1      | Learned a level 1 spell: Sandblast
   995 | D:2      | Reached skill level 3 in Conjurations
   995 | D:2      | Reached skill level 4 in Fire Magic
  1413 | D:2      | Reached XP level 4. HP: 12/24 MP: 1/8
  2372 | D:3      | You pick up a book of Power and begin reading...
  2372 | D:3      | You add the spells Iskenderun's Battlesphere, Iron Shot and
                  | Spellforged Servitor to your library.
  2480 | D:3      | Reached skill level 4 in Conjurations
  2748 | D:3      | You pick up a book of Necromancy and begin reading...
  2748 | D:3      | You add the spells Necrotise, Vampiric Draining and Agony
                  | to your library.
  2777 | D:3      | Gained mutation: Your magical nature lets you fly swiftly
                  | and evasively. [Tengu growth]
  2777 | D:3      | Reached XP level 5. HP: 9/28 MP: 0/10
  2942 | D:3      | Noticed a black bear
  3011 | D:3      | Killed a black bear
  3012 | D:3      | Reached skill level 3 in Spellcasting
  3012 | D:3      | Reached skill level 5 in Fire Magic
  3012 | D:3      | Reached XP level 6. HP: 32/32 MP: 5/11
  3434 | D:4      | Reached skill level 5 in Conjurations
  3643 | D:4      | Noticed Natasha
  3756 | D:4      | You pick up a book of Cantrips and begin reading...
  3756 | D:4      | You add the spells Summon Small Mammal and Apportation to
                  | your library.
  3808 | D:4      | Found an iron altar of Okawaru.
  4702 | D:4      | Found a runed translucent door.
  4703 | D:4      | Noticed Crazy Yiuf
  4758 | D:5      | Entered Level 5 of the Dungeon
  4760 | D:5      | Noticed Edmund
  5061 | D:5      | Mangled by Edmund

Vanquished Creatures
  A black bear (D:3)
  A necrophage (D:4)
  A scorpion (D:4)
  An iguana (D:3)
  An orc wizard (D:4)
  8 adders
  A shadow imp (D:5)
  An ufetubus (D:4)
  An adder zombie (D:2)
  An adder skeleton (D:2)
  A worm (D:4)
  2 dart slugs (D:1)
  3 orcs (D:4)
  A bat skeleton (D:2)
  4 bat zombies (D:2)
  2 giant cockroaches
  4 goblins
  3 hobgoblins
  2 jackals (D:1)
  4 quokkas
  9 ball pythons
  A ball python skeleton (D:2)
  A ball python zombie (D:2)
  6 bats
  4 frilled lizards
  6 kobolds
  A quokka zombie (D:2)
  8 rats
79 creatures vanquished.

Vanquished Creatures (collateral kills)
  A foxfire (D:3)
1 creature vanquished.

Vanquished Creatures (others)
  198 foxfires
  5 fungi (D:4)
  A plant (D:3)
204 creatures vanquished.

Grand Total: 284 creatures vanquished

Table legend:
 A = Non-vault XP
 B = Vault XP
 C = Vault XP percentage of total XP
 D = Non-vault monster count
 E = Vault monster count
 F = Vault count percentage of total count
                 A         B        C        D         E       F
            +---------+---------+-------+---------+---------+-------
      Total |     568 |      37 |   6.1 |      68 |      11 |  13.9
            +---------+---------+-------+---------+---------+-------
        D:1 |      38 |       0 |   0.0 |      23 |       0 |   0.0
        D:2 |      63 |      37 |  37.0 |      13 |      11 |  45.8
        D:3 |     192 |       0 |   0.0 |      14 |       0 |   0.0
        D:4 |     249 |       0 |   0.0 |      16 |       0 |   0.0
        D:5 |      26 |       0 |   0.0 |       2 |       0 |   0.0
            +---------+---------+-------+---------+---------+-------

Illustrated notes

Table legend:
 A = Kills in this place as a percentage of kills in entire the game.
 B = Kills by you in this place as a percentage of kills by you in the entire game.
 C = Kills by friends in this place as a percentage of kills by friends in the entire game.
 D = Other kills in this place as a percentage of other kills in the entire game.
 E = Experience gained in this place as a percentage of experience gained in the entire game.
 F = Experience gained in this place divided by the number of levels of this place that you have seen.
                   A       B       C       D       E      F
               +-------+-------+-------+-------+-------+----------------------
         Total | 100.0 | 100.0 |   N/A |   N/A | 100.0 | 121.0
       Dungeon | 100.0 | 100.0 |   N/A |   N/A | 100.0 | 121.0
               +-------+-------+-------+-------+-------+----------------------

Table legend: (Time is in decaauts)
 A = Elapsed time spent in this place.
 B = Non-inter-level travel time spent in this place.
 C = Inter-level travel time spent in this place.
 D = Time resting spent in this place.
 E = Time spent auto-exploring this place.
 F = Levels seen in this place.
 G = Mean time per level.
                   A        B        C        D        E       F      G
               +--------+--------+--------+--------+--------+-----+--------+
         Total |   4947 |   4716 |    231 |      9 |   4113 |   5 |  989.4 |
       Dungeon |   4947 |   4716 |    231 |      9 |   4113 |   5 |  989.4 |
               +--------+--------+--------+--------+--------+-----+--------+

Top non-repeatable levels by time:
     D:4: 1464 daAuts
     D:2: 1352 daAuts
     D:3: 1253 daAuts
     D:1: 796 daAuts
     D:5: 81 daAuts
